 Dungeon Crawl Stone Soup version 0.29.0-4-gdea44cf6ec (webtiles) character file.

Game seed: 3622570520572402888

82 qw the Chopper (level 4, -3/26 HPs)
             Began as a Tengu Warper on Aug 28, 2022.
             Succumbed to Sigmund's poison
             ... on level 3 of the Dungeon.
             The game lasted 00:00:12 (2311 turns).

qw the Chopper (Tengu Warper)                       Turns: 2311, Time: 00:00:13

Health: -3/26      AC:  8    Str: 14    XL:     4   Next: 43%
Magic:  8/8        EV:  6    Int: 13    God:
Gold:   130        SH:  0    Dex: 13    Spells: 7/7 levels left

rFire   . . .      SeeInvis .   b - +1 hand axe (freeze)
rCold   . . .      Faith    .   (no shield)
rNeg    . . .      Spirit   .   j - +0 chain mail
rPois   .          Reflect  .   (helmet restricted)
rElec   .          Harm     .   (no cloak)
rCorr   .          Rampage  .   (no gloves)
Will    .....                   (boots unavailable)
Stlth   ..........              (no amulet)
HPRegen 0.08/turn               (no ring)
MPRegen 0.11/turn               (no ring)

@: lethally poisoned (-3 -> -24), about to teleport
A: beak, talons 3
a: no special abilities


You were on level 3 of the Dungeon.
You visited 1 branch of the dungeon, and saw 3 of its levels.

You collected 130 gold pieces.


Innate Abilities, Weirdness & Mutations

You have a beak for a mouth.
You have claws for feet.


   Skills:
 - Level 2.0 Fighting
 + Level 5.0 Axes
 - Level 1.0 Throwing
 - Level 1.1 Armour
 - Level 2.1 Dodging
 - Level 2.0 Spellcasting
 - Level 2.4 Translocations


You had 7 spell levels left.
You didn't know any spells.
Your spell library contained the following spells:

 Spells                   Type           Power      Damage    Failure   Level
 Blink                    Tloc           14%        N/A       99%         2
 Gell's Gravitas          Tloc           7%         N/A       100%        3
 Lesser Beckoning         Tloc           7%         N/A       100%        3
 Teleport Other           Tloc           7%         N/A       100%        3
 Manifold Assault         Tloc           7%         N/A       100%        5

Inventory:

Hand Weapons
 b - a +1 hand axe of freezing (weapon)
 d - a +0 whip
Missiles
 e - 3 boomerangs (quivered)
Armour
 j - a +0 chain mail (worn)
 k - a +0 tower shield
Jewellery
 c - a ring of fire
Scrolls
 a - a scroll of teleportation
 g - 3 scrolls of identify
Potions
 f - 2 potions of curing
 h - a potion of degeneration {unknown}
 i - a potion of invisibility {unknown}

Dungeon Overview and Level Annotations

Branches:
Dungeon (3/15)

Altars:

Annotations:
D:3 Natasha, Sigmund


Message History

You are poisoned.
Found a stone staircase leading down.
You feel sick.
The jackal bites you but does no damage.
The jackal bites you.
You see here a jackal corpse.
You hit the jackal but do no damage. You peck the jackal.
The jackal is lightly wounded.
You barely miss something.
You feel sick.
Natasha, Servant of Life and Death comes into view.
Something hits you!
You are lethally poisoned!
The jackal bites you. The jackal closely misses you.
You closely miss the jackal. Your kick misses the jackal.
Your peck misses the jackal.
The jackal is lightly wounded.
You hit the jackal but do no damage. You closely miss the giant cockroach.
You miss something.
You feel very sick.
The jackal bites you but does no damage.
The giant cockroach bites you but does no damage.
The jackal bites you but does no damage.
Natasha drinks a potion.
Natasha's spells are empowered!
Something hits you but does no damage.
You are more poisoned.
The jackal bites you but does no damage.
You hit the jackal. You freeze the jackal. Your kick misses the jackal.
The jackal is almost dead.
You hit something. You freeze something. You hit the jackal.
You freeze the jackal.
You kill the jackal!
You barely miss the giant cockroach.
You feel very sick.
The giant cockroach bites you but does no damage.
The jackal bites you but does no damage.
2311 ||| READING 2 scrolls of teleportation.
As you read the scroll of teleportation, it crumbles to dust.
You feel strangely unstable.
You die...

..........## #......>...
...........###..........
...)........##.......h..
........................
<............#..........
........................
............#..h.h......
#..(..#).##.#..B@.......
#.###.##.<..............
..# #...###.#...........
..# ###.# #.............
#.# #.#####..........#
..# #...# #..........#
.## #####.####........##
.# #.....:...........#
.# #.........##......!


You could see Natasha (empowered), 2 jackals and a giant cockroach.

Vanquished Creatures
  3 adders
  3 dart slugs
  An orc (D:3)
  4 endoplasms
  2 giant cockroaches (D:1)
  4 goblins
  6 hobgoblins
  4 jackals
  3 kobolds (D:2)
  3 quokkas
  2 ball pythons
  3 bats
  5 frilled lizards
  A rat (D:1)
44 creatures vanquished.

Notes
Turn   | Place    | Note
-------+----------+-------------------------------------------
     0 | D:1      | qw the Tengu Warper began the quest for the Orb.
     0 | D:1      | Reached XP level 1. HP: 12/12 MP: 4/4
     0 | D:1      | 0 ||| qw: Version: 0.1-a-89-g26bdef1
     0 | D:1      | 0 ||| qw: Game counter: 2160
     0 | D:1      | 0 ||| qw: Always use a shield: true
     0 | D:1      | 0 ||| qw: God list: Okawaru
     0 | D:1      | 0 ||| qw: Allow faded altars: false
     0 | D:1      | 0 ||| qw: Do Orc after D:15 true
     0 | D:1      | 0 ||| qw: Do second Lair branch before Depths: true
     0 | D:1      | 0 ||| qw: Lair rune preference: random
     0 | D:1      | 0 ||| qw: Plans: Normal
     0 | D:1      | 0 ||| PLANNING D:1-11
    26 | D:1      | 26 ||| Stepping ~*~*~tactically~*~*~ (stealth).
    63 | D:1      | 63 ||| Stepping ~*~*~tactically~*~*~ (stealth).
   189 | D:1      | 189 ||| Stepping ~*~*~tactically~*~*~ (stealth).
   191 | D:1      | 191 ||| Stepping ~*~*~tactically~*~*~ (stealth).
   197 | D:1      | Reached skill level 3 in Axes
   197 | D:1      | Reached XP level 2. HP: 12/17 MP: 6/6
   226 | D:1      | 226 ||| Stepping ~*~*~tactically~*~*~ (stealth).
   227 | D:1      | 227 ||| Stepping ~*~*~tactically~*~*~ (stealth).
   356 | D:1      | 356 ||| Stepping ~*~*~tactically~*~*~ (stealth).
   358 | D:1      | 358 ||| Stepping ~*~*~tactically~*~*~ (hiding).
   360 | D:1      | 360 ||| Stepping ~*~*~tactically~*~*~ (hiding).
   393 | D:1      | 393 ||| Stepping ~*~*~tactically~*~*~ (stealth).
   440 | D:1      | 440 ||| Stepping ~*~*~tactically~*~*~ (stealth).
   748 | D:1      | Reached XP level 3. HP: 21/21 MP: 7/7
   918 | D:1      | 918 ||| UPGRADING to +0 ring mail.
   928 | D:1      | 928 ||| DROPPING +0 leather armour.
   929 | D:1      | 929 ||| READING 3 scrolls labelled UCUDAKICIZ.
   933 | D:1      | 933 ||| READING scroll labelled YNAALE LONOYS.
  1034 | D:1      | 1034 ||| READING scroll labelled ORGHIE TIOXKENT.
  1035 | D:1      | 1035 ||| DRINKING 2 emerald potions.
  1036 | D:1      | 1036 ||| DROPPING scroll of blinking.
  1171 | D:2      | 1171 ||| Stepping ~*~*~tactically~*~*~ (hiding).
  1175 | D:2      | 1175 ||| Stepping ~*~*~tactically~*~*~ (hiding).
  1337 | D:2      | Reached skill level 4 in Axes
  1413 | D:2      | 1413 ||| Stepping ~*~*~tactically~*~*~ (stealth).
  1415 | D:2      | 1415 ||| Stepping ~*~*~tactically~*~*~ (hiding).
  1632 | D:2      | 1632 ||| Stepping ~*~*~tactically~*~*~ (stealth).
  2001 | D:2      | 2001 ||| UPGRADING to +0 chain mail.
  2011 | D:2      | 2011 ||| DROPPING +0 ring mail.
  2012 | D:2      | 2012 ||| READING 2 scrolls labelled MYDUES COOTZ.
  2133 | D:2      | 2133 ||| READING scroll labelled SUSEKLI NUFIPE.
  2134 | D:2      | 2134 ||| READING 2 scrolls labelled LUAROKH ZOSICY.
  2135 | D:2      | 2135 ||| DROPPING scroll of torment.
  2160 | D:3      | Reached XP level 4. HP: 26/26 MP: 8/8
  2178 | D:3      | 2178 ||| SWAPPING to +1 hand axe of freezing.
  2179 | D:3      | 2179 ||| DROPPING +0 hand axe of venom.
  2225 | D:3      | Found a faded altar of an unknown god.
  2302 | D:3      | Noticed Sigmund
  2306 | D:3      | Reached skill level 5 in Axes
  2308 | D:3      | Noticed Natasha
  2310 | D:3      | HP: 2/26 [poisoned by Sigmund]
  2311 | D:3      | 2311 ||| READING 2 scrolls of teleportation.
  2311 | D:3      | Succumbed to Sigmund's poison

Levels and vault maps discovered:
D:1:      dpeg_arrival_shrine, layout_rooms, chequers_serial_rivers_room_a
D:2:      layout_loops_ring
D:3:      layout_rooms, ebering_ecumenical_altar_petrified, uniq_sigmund,
          uniq_natasha

Skill      XL: |  1  2  3  4 |
---------------+-------------+-----
Axes           | 3 4 5 |  5.0
Fighting       | |  2.0
Throwing       | |  1.0
Armour         | |  1.1
Dodging        | |  2.1
Spellcasting   | |  2.0
Translocations | |  2.4

Action                   |  1- 3 |  4- 6 || total
-------------------------+-------+-------++-------
Melee: Hand axe          |   102 |    14 ||   116
       Kick              |    25 |     4 ||    29
       Peck              |    11 |     1 ||    12
Throw: Boomerang         |     7 |       ||     7
  Use: Scroll            |     6 |     1 ||     7
       Potion            |     1 |       ||     1
Armor: Leather armour    |    21 |       ||    21
       Ring mail         |    18 |       ||    18
       Chain mail        |       |    15 ||    15
Dodge: Dodged            |    68 |     3 ||    71

Table legend:
 A = Non-vault XP
 B = Vault XP
 C = Vault XP percentage of total XP
 D = Non-vault monster count
 E = Vault monster count
 F = Vault count percentage of total count
                 A         B        C        D         E       F
            +---------+---------+-------+---------+---------+-------
      Total |     118 |       0 |   0.0 |      44 |       0 |   0.0
            +---------+---------+-------+---------+---------+-------
        D:1 |      36 |       0 |   0.0 |      20 |       0 |   0.0
        D:2 |      43 |       0 |   0.0 |      16 |       0 |   0.0
        D:3 |      39 |       0 |   0.0 |       8 |       0 |   0.0
            +---------+---------+-------+---------+---------+-------
